 Dungeon Crawl Stone Soup version 0.24.0-123-gd5b16e6ec5 (webtiles) character file.

Game seed: 7037077066534581705, levelgen mode: deterministic

72518 Ereth the Brawler (level 15, -1/133 HPs)
             Began as a Troll Fighter on Dec 19, 2019.
             Was a High Priest of Okawaru.
             Killed from afar by a Hell Sentinel (40 damage)
             ... with damnation
             ... on level 2 of the Abyss on Dec 22, 2019.
             The game lasted 01:02:58 (21561 turns).

Ereth the Brawler (Troll Fighter)                  Turns: 21561, Time: 01:02:58

Health: -1/133     AC:  8    Str: 29      XL:     15   Next: 1%
Magic:  9/13       EV: 20    Int:  4 (5)  God:    Okawaru [*****.]
Gold:   1717       SH: 16    Dex: 15      Spells: 14/15 levels left

rFire    . . .     SeeInvis .     - Unarmed
rCold    . . .     Gourm    +   b - +1 shield
rNeg     . . .     Faith    .   w - +0 steam dragon scales
rPois    .         Spirit   .   k - +1 hat
rElec    .         Reflect  .   a - scarf {repulsion}
rCorr    +         Harm     .   (gloves unavailable)
MR       +....     Rnd*Rage +   (boots unavailable)
Stlth    ++++......             (no amulet)
HPRegen  0.72/turn              F - ring of resist corrosion
MPRegen  0.13/turn              t - +5 ring of dexterity

@: heroism, repel missiles
A: large, unfitting armour, claws 3, [berserk 1], [deformed body],
[deterioration 2], fast metabolism 3, gourmand, [low mp 2], regeneration 1,
shaggy fur 1, tough skin 3, [weak 1], [subdued magic 2]
a: Heroism, Finesse, Renounce Religion


You were on level 2 of the Abyss.
You worshipped Okawaru.
Okawaru was extremely pleased with you.
You were full.

You visited 3 branches of the dungeon, and saw 22 of its levels.
You visited the Abyss 1 time.

You collected 1717 gold pieces.

Inventory:

Missiles
 J - 19 boomerangs
 M - 5 large rocks (quivered)
 V - 13 javelins
Armour
 a - a scarf of repulsion (worn)
 b - a +1 shield (worn)
 k - a +1 hat (worn)
 w - +0 steam dragon scales (worn)
 S - the +4 skin of Zhor {Hibernate rC+++ SInv}
   (Okawaru gifted it to you on level 4 of the Lair of Beasts)

   It renders you almost immune to cold.
   It lets you see invisible.
 X - a +2 cloak
Jewellery
 p - an uncursed ring of wizardry
 t - a +5 ring of dexterity (right claw)
 F - a ring of resist corrosion (left claw)
 N - an uncursed ring of positive energy
Wands
 l - a wand of flame (25)
 n - a wand of random effects (63)
 r - a wand of paralysis (20)
 z - a wand of iceblast (26)
 E - a wand of digging (11)
 H - a wand of enslavement (5)
 I - a wand of clouds (10)
 Q - a wand of polymorph (6)
 T - a wand of acid (7)
Scrolls
 h - 3 scrolls of fog
 q - 8 scrolls of remove curse
 y - 20 scrolls of identify
 B - 4 scrolls of enchant weapon
 C - 10 scrolls of teleportation
 L - 3 scrolls of magic mapping
 R - a scroll of enchant armour
Potions
 c - 3 potions of might
 e - 11 potions of curing
 f - 3 potions of mutation
 g - 9 potions of flight
 i - 5 potions of brilliance
 o - a potion of magic
 s - 5 potions of cancellation
 u - 3 potions of berserk rage
 v - 2 potions of invisibility {unknown}
 x - a potion of degeneration
 A - 2 potions of resistance
 G - 4 potions of agility
 K - a potion of ambrosia
Miscellaneous
 O - a box of beasts
 P - a phial of floods
 U - a sack of spiders
Comestibles
 d - 49 rations


   Skills:
 + Level 5.2(10.2) Fighting
 + Level 2.7(7.7) Throwing
 + Level 9.8(14.8) Dodging
 + Level 4.5(9.5) Stealth
 + Level 11.1(16.1) Shields
 + Level 17.2(22.2) Unarmed Combat
 + Level 0.9 Spellcasting
 + Level 0.9 Hexes
 + Level 3.7 Invocations


You had 14 spell levels left.
You knew the following spells:

 Your Spells              Type           Power        Failure   Level  Hunger
a - Confusing Touch       Hex            #.....       28%         1    ##.....

Your spell library contained the following spells:

 Spells                   Type           Power        Failure   Level  Hunger
 Corona                   Hex            #......      28%         1    ##.....
 Sandblast                Erth           #.....       38%         1    ##.....
 Slow                     Hex            #.......     41%         2    ###....
 Passwall                 Tmut/Erth      #.......     54%         2    ###....
 Confuse                  Hex            #.......     65%         3    ####...
 Inner Flame              Hex/Fire       #.......     71%         3    ####...
 Portal Projectile        Hex/Tloc       #.....       71%         3    ####...
 Gell's Gravitas          Tloc           #.........   78%         3    ####...
 Stone Arrow              Conj/Erth      #.....       78%         3    ####...
 Cause Fear               Hex            #.........   97%         4    #####..
 Leda's Liquefaction      Hex/Erth       #.........   98%         4    #####..
 Petrify                  Tmut/Erth      #.......     99%         4    #####..
 Lee's Rapid Deconstruct  Erth           #.........   100%        5    ######.
 Metabolic Englaciation   Hex/Ice        #.........   100%        5    ######.
 Yara's Violent Unravell  Hex/Tmut       #.........   100%        5    ######.


Dungeon Overview and Level Annotations

Branches:
Dungeon (15/15)            Temple (1/1) D:7            Lair (6/6) D:11
 Shoals (0/4) Lair:4        Snake (0/4) Lair:3        Slime (0/5) Lair:6
    Orc (0/2) D:9          Vaults (0/5) D:14         Depths (0/5) D:15

Altars:
Ashenzari
Cheibriados
Dithmenos
Elyvilon
Fedhas
Gozag
Hepliaklqana
Kikubaaqudgha
Makhleb
Nemelex Xobeh
Okawaru
Qazlal
Ru
Sif Muna
Trog
Uskayaw
Vehumet
Wu Jian
Xom
Yredelemnul
Zin
The Shining One

Shops:
D:9 %   D:13 *

Annotations:
D:8 3 runed translucent doors
D:10 2 runed translucent doors, Irupsat's ghost, journeyman DrCj


Innate Abilities, Weirdness & Mutations

You are too large for most types of armour.
You have claws for hands.
Your metabolism is lightning-fast.
You like to eat raw meat.
Your natural rate of healing is unusually fast.
You are covered in fur. (AC +1)
You have extremely tough skin. (AC +3)
[You tend to lose your temper in combat.]
[Armour fits poorly on your strangely shaped body.]
[Your body often deteriorates upon taking damage.]
[Your magical capacity is very low. (-20% MP)]
[You are weak. (Str -2)]
[Your spells are easier to cast, but less powerful.]


Message History

You kill the white draconian!
Okawaru accepts your kill.
You feel the corruption within you wane somewhat.
Your connection to magic feels less subdued.
You feel more energetic.
You feel a little less angry.
You feel stronger.
You have reached level 15!
Your experience leads to an increase in your attributes!
Your base attributes are Str 29, Int 5, Dex 10.
Increase (S)trength, (I)ntelligence, or (D)exterity?
You feel stronger. x2
Things that are here:
a +0 long sword; a white draconian corpse A Hell Sentinel comes into view.
The Hell Sentinel gestures at you.
The sphere of damnation explodes!
The damnation engulfs you!!!
* * * LOW HITPOINT WARNING * * *
You hear a shout!
The Hell Sentinel gestures at you.
The sphere of damnation explodes!
The damnation engulfs you!!!
You die...

## # ### ##.## .##
#... ....####....
...###.##.......##
##....♣..♣.......
#.#1.♣♣♣..... ♣ .
#@...)...#♣.♣...
#....♣♣.#♣.♣
........♣♣♣'## ##
## . ...#.#.#.♣
#.... . .. #.#
###.... .8* ..#. #
###♣...#...# 8 # .
.♣♣#..#.8...# # ..
...8.# . .. ♣#..
... .


You could see a Hell Sentinel.

Vanquished Creatures
  Jorgrun (D:13)
  A white draconian (Abyss:2)
  2 vault guards (D:14)
  5 hydras
  A death knight (D:14)
  3 centaur warriors
  2 two-headed ogres
  Urug (Lair:2)
  A vampire mage (D:15)
  A tengu warrior (D:15)
  A wretched star (Abyss:2)
  8 skeletal warriors
  A golden dragon zombie (D:15)
  2 phantasmal warriors (D:14)
  A lindwurm (Lair:5)
  2 necromancers
  An orc knight (D:15)
  11 ugly things
  A deep elf mage (D:15)
  2 cyclopes
  10 elephants
  Maurice (D:13)
  2 black mambas (Lair:5)
  An iron dragon skeleton (D:15)
  A manticore (Lair:4)
  A centaur zombie (D:15)
  14 spiny frogs
  7 rime drakes
  A redback zombie (D:15)
  5 komodo dragons
  A freezing wraith (D:14)
  A troll (D:15)
  Grinder (D:3)
  A polar bear (Lair:5)
  19 blink frogs
  4 slime creatures (D:15)
  An ice dragon zombie (D:15)
  10 hippogriffs
  A vampire (D:15)
  A shadow (D:12)
  11 wyverns
  21 humans (D:14)
  24 yaks
  9 basilisks
  Grum (D:8)
  A steam dragon (D:9)
  2 hungry ghosts
  2 soldier ants
  5 nagas (Lair:3)
  11 water moccasins
  8 orc warriors
  6 porcupines
  An ice beast (D:12)
  A hornet zombie (D:9)
  3 black bears
  3 sky beasts
  3 ogres
  An ogre (shapeshifter) (D:15)
  3 boggarts (D:15)
  3 necrophages
  30 wolves
  3 phantoms
  16 centaurs
  A centaur (shapeshifter) (D:15)
  16 crocodiles
  2 big kobolds
  20 bullfrogs
  A wyvern zombie (D:6)
  A wyvern skeleton (D:14)
  3 scorpions
  2 water moccasin skeletons (D:12)
  A small abomination (Abyss:2)
  A tengu skeleton (D:15)
  14 wights
  7 howler monkeys
  An electric eel (D:9)
  5 bullfrog zombies
  12 crimson imps
  5 hounds
  17 jellies
  2 bullfrog skeletons
  5 orc priests
  2 centaur skeletons
  Jessica (D:3)
  Natasha (thrice) (D:2)
  Terence (D:2)
  6 hell rats
  8 iguanas
  12 orc wizards
  8 worker ants
  A killer bee zombie (D:7)
  2 hound zombies (D:7)
  2 hound skeletons
  A howler monkey zombie (D:8)
  A worker ant zombie (D:7)
  Robin (D:2)
  5 adders
  5 gnolls
  2 howler monkey skeletons
  4 shadow imps
  An adder zombie (D:7)
  3 adder skeletons
  4 worms
  7 leopard geckos
  37 orcs
  6 bats
  7 giant cockroaches
  13 goblins
  12 hobgoblins
  16 jackals
  6 quokkas
  A ball python (D:4)
  9 frilled lizards
  11 kobolds
  A quokka zombie (D:5)
  5 rats
  A fungus (Lair:6)
620 creatures vanquished.

Vanquished Creatures (others)
  49 bushes (Lair:6)
  6 fungi
  10 plants
65 creatures vanquished.

Grand Total: 685 creatures vanquished

Notes
Turn   | Place    | Note
-------+----------+-------------------------------------------
     0 | D:1      | Ereth the Troll Fighter began the quest for the Orb.
     0 | D:1      | Reached XP level 1. HP: 22/22 MP: 0/0
    81 | D:1      | Reached XP level 2. HP: 29/29 MP: 1/1
   440 | D:1      | Reached XP level 3. HP: 36/36 MP: 2/2
   947 | D:2      | Noticed Robin
  1051 | D:2      | Killed Robin
  1137 | D:2      | Reached XP level 4. HP: 42/44 MP: 3/3
  1290 | D:2      | Reached skill level 3 in Unarmed Combat
  1408 | D:2      | Noticed Terence
  1418 | D:2      | Killed Terence
  1474 | D:2      | Noticed Natasha
  1479 | D:2      | Killed Natasha
  1479 | D:2      | Reached XP level 5. HP: 36/50 MP: 4/4
  1806 | D:2      | Noticed Natasha
  1813 | D:2      | Killed Natasha
  2050 | D:2      | Noticed Natasha
  2060 | D:2      | Killed Natasha
  2308 | D:3      | Noticed Grinder
  2320 | D:3      | Paralysed by Grinder for 6 turns
  2329 | D:3      | Paralysed by Grinder for 5 turns
  2341 | D:3      | Paralysed by Grinder for 3 turns
  2442 | D:3      | Noticed Jessica
  2457 | D:3      | Killed Jessica
  2457 | D:3      | Reached skill level 4 in Unarmed Combat
  2673 | D:3      | Paralysed by Grinder for 6 turns
  2722 | D:3      | Killed Grinder
  2722 | D:3      | Reached skill level 5 in Unarmed Combat
  2722 | D:3      | Reached XP level 6. HP: 25/59 MP: 5/5
  3231 | D:4      | Reached XP level 7. HP: 64/66 MP: 6/6
  3287 | D:4      | Found a shimmering blue altar of Sif Muna.
  4085 | D:5      | Entered Level 5 of the Dungeon
  4175 | D:5      | Identified the +9 flail of No Interval {freeze, *Noise rC+
                  | Int+4}
  4179 | D:5      | Reached skill level 1 in Stealth
  4197 | D:5      | Reached skill level 6 in Unarmed Combat
  4268 | D:5      | Reached XP level 8. HP: 29/75 MP: 7/7
  4525 | D:5      | Reached skill level 7 in Unarmed Combat
  4788 | D:5      | Reached skill level 5 in Shields
  4848 | D:5      | Found a burning altar of Makhleb.
  4848 | D:5      | Noticed an Executioner
  4852 | D:5      | Noticed an orange demon
  5195 | D:6      | Reached skill level 5 in Dodging
  5266 | D:6      | Reached skill level 8 in Unarmed Combat
  5266 | D:6      | Reached XP level 9. HP: 69/83 MP: 8/8
  5925 | D:7      | Found a staircase to the Ecumenical Temple.
  5937 | Temple   | Entered the Ecumenical Temple
  5948 | Temple   | Became a worshipper of Warmaster Okawaru
  6194 | D:7      | Reached skill level 9 in Unarmed Combat
  7058 | D:8      | Found a runed translucent gate.
  7058 | D:8      | Found a runed translucent gate.
  7058 | D:8      | Found a runed translucent gate.
  7058 | D:8      | Noticed a cyan ugly thing
  7058 | D:8      | Noticed a red ugly thing
  7058 | D:8      | Noticed a brown ugly thing
  7059 | D:8      | Noticed a purple very ugly thing
  7060 | D:8      | Noticed a cyan ugly thing
  7061 | D:8      | Noticed a brown ugly thing
  7269 | D:8      | Noticed Grum
  7285 | D:8      | Killed Grum
  7291 | D:8      | Reached * piety under Okawaru
  7774 | D:8      | Reached skill level 10 in Unarmed Combat
  7774 | D:8      | Reached XP level 10. HP: 76/92 MP: 9/9
  8063 | D:9      | Noticed a centaur warrior
  8369 | D:9      | Killed a centaur warrior
  8369 | D:9      | Reached ** piety under Okawaru
  8641 | D:9      | Found Zaimofif's Food Emporium.
  8955 | D:9      | Found a staircase to the Orcish Mines.
  8991 | D:10     | Entered Level 10 of the Dungeon
  9039 | D:10     | Found a runed translucent door.
  9043 | D:10     | Noticed a skeletal warrior
  9043 | D:10     | Noticed a deep elf knight
  9044 | D:10     | Noticed a necromancer
  9046 | D:10     | Noticed a fire dragon
  9046 | D:10     | Noticed a lich
  9047 | D:10     | Noticed Irupsat's ghost (journeyman DrCj)
  9051 | D:10     | Noticed a skeletal warrior
  9053 | D:10     | Found a runed translucent door.
  9770 | D:11     | Noticed a lindwurm
  9786 | D:11     | Reached skill level 11 in Unarmed Combat
  9847 | D:11     | Noticed a cyan ugly thing
  9861 | D:11     | Noticed a lindwurm
  9865 | D:11     | Killed a cyan ugly thing
  9866 | D:11     | Noticed a lindwurm
  9868 | D:11     | Noticed a lindwurm
 10028 | D:11     | Found a staircase to the Lair.
 10044 | D:11     | Reached *** piety under Okawaru
 10093 | D:11     | Reached XP level 11. HP: 59/100 MP: 6/10
 10344 | D:11     | Reached skill level 1 in Invocations
 10668 | D:12     | Noticed a two-headed ogre
 10668 | D:12     | Noticed a green ugly thing
 10676 | D:12     | Killed a green ugly thing
 10676 | D:12     | Reached skill level 12 in Unarmed Combat
 10683 | D:12     | Killed a two-headed ogre
 10683 | D:12     | Reached **** piety under Okawaru
 10975 | D:12     | Noticed a purple ugly thing
 10983 | D:12     | Killed a purple ugly thing
 11152 | D:12     | Reached ***** piety under Okawaru
 11190 | D:12     | Learned a level 1 spell: Confusing Touch
 11633 | D:13     | Found a sparkling altar of Nemelex Xobeh.
 11633 | D:13     | Noticed a white ugly thing
 11642 | D:13     | Killed a white ugly thing
 11674 | D:13     | Noticed a green ugly thing
 11682 | D:13     | Killed a green ugly thing
 11861 | D:13     | Noticed a centaur warrior
 11873 | D:13     | Killed a centaur warrior
 11873 | D:13     | Reached skill level 1 in Throwing
 11928 | D:13     | Found Luphu's Antique Artefacts.
 11929 | D:13     | Noticed Jorgrun
 11939 | D:13     | Killed Jorgrun
 11939 | D:13     | Reached skill level 13 in Unarmed Combat
 11939 | D:13     | Reached XP level 12. HP: 89/107 MP: 8/12
 12393 | D:13     | Noticed Maurice
 12400 | D:13     | Killed Maurice
 12680 | D:14     | Received a gift from Okawaru
 12764 | D:14     | Reached ****** piety under Okawaru
 12764 | D:14     | Reached skill level 14 in Unarmed Combat
 12885 | D:14     | Noticed a death knight
 13056 | D:14     | Killed a death knight
 13062 | D:14     | Received a gift from Okawaru
 13307 | D:14     | Found a stormy altar of Qazlal.
 13365 | D:14     | Noticed a centaur warrior
 13373 | D:14     | Killed a centaur warrior
 13500 | D:14     | Noticed a vault guard
 13509 | D:14     | Killed a vault guard
 13509 | D:14     | Reached XP level 13. HP: 117/117 MP: 10/14
 13528 | D:14     | Received a gift from Okawaru
 13597 | D:14     | Found a gate to the Vaults.
 13861 | D:15     | Entered Level 15 of the Dungeon
 13940 | D:14     | Reached skill level 15 in Unarmed Combat
 14492 | D:15     | Found a staircase to the Depths.
 14585 | D:15     | Received a gift from Okawaru
 15420 | Lair:1   | Entered Level 1 of the Lair of Beasts
 16289 | Lair:2   | Noticed Urug
 16301 | Lair:2   | Killed Urug
 16373 | Lair:2   | Found a frozen archway.
 16538 | Lair:2   | Reached skill level 16 in Unarmed Combat
 17177 | Lair:2   | Reached XP level 14. HP: 105/124 MP: 12/15
 17424 | Lair:3   | Reached skill level 10 in Shields
 17904 | Lair:3   | Found a staircase to the Snake Pit.
 18104 | Lair:2   | Reached skill level 5 in Fighting
 18777 | Lair:4   | Found a staircase to the Shoals.
 19332 | Lair:4   | Received a gift from Okawaru
 19333 | Lair:4   | Found the +4 skin of Zhor {Hibernate rC+++ SInv}
 20361 | Lair:6   | Entered Level 6 of the Lair of Beasts
 20757 | Lair:5   | Reached skill level 17 in Unarmed Combat
 20798 | Lair:5   | HP: 3/127 [spiny frog (18)]
 21231 | Lair:6   | Found a staircase to the Slime Pits.
 21412 | Lair:6   | Cast into level 2 of the Abyss (a wizard)
 21458 | Abyss:2  | Identified a scroll of acquirement
 21555 | Abyss:2  | Reached XP level 15. HP: 76/133 MP: 8/13
 21557 | Abyss:2  | Noticed a Hell Sentinel
 21561 | Abyss:2  | Killed from afar by a Hell Sentinel

Levels and vault maps discovered:
D:1:      roderic_octagonal_star, layout_loops_ring, minmay_tiny_reverse_x
D:2:      layout_basic, columned_hall_lemuel, uniq_terence, uniq_robin,
          uniq_natasha
D:3:      layout_basic, first_ration, uniq_grinder, uniq_jessica
D:4:      layout_gridville, nicolae_overflow_crystal_walls
D:5:      layout_basic, makhleb_altar_promises_db
D:6:      layout_rooms
D:7:      layout_layer_cave, minmay_temple_entry_nine_rooms, serial_undead,
          serial_undead_f, serial_undead_c, serial_undead_b, serial_undead_f,
          grunt_ogre_cave
D:8:      layout_loops_corners, ploomutoo_gammafunk_ghost_potion_laboratory,
          uniq_grum
D:9:      hangedman_cross_stitches, layout_basic, orc_0_dummy, serial_shops,
          shop, roderic_lattice_a
D:10:     layout_roguey, muffindrake_ghost_dual_entry
D:11:     layout_roguey, minmay_lair_entry_grove, minmay_lindwurm_lava
D:12:     layout_cave_pods
D:13:     layout_gridville, nicolae_antique_artefacts,
          nemelex_xobeh_ov_fountains_minmay, uniq_jorgrun, uniq_maurice
D:14:     layout_basic, grunt_vaults_entry_tiered, kennysheep_flooded_box
D:15:     gammafunk_depths_entry_grave, layout_rooms, serial_corexii_hall,
          corexii_hall_statues_i, chequers_hall_statues_corner_a,
          corexii_hall_statues_i, chequers_hall_statues_corner_a, minivault_25
Temple:   dpeg_three_leaves_temple
Lair:1:   layout_chaotic_city, grunt_forest_small_clearing_treed,
          lemuel_fruit_fields, grunt_megastairs_3
Lair:2:   layout_cave_pods, portal_ice_cave_rime, uniq_urug
Lair:3:   layout_cave_pods, minmay_snake_entry_guardpost_medium,
          grunt_forest_large_clearings, grunt_megastairs_5
Lair:4:   layout_roguey, minmay_shoals_entry_centaurs, special_room
          [special_room_mythical_zoo]
Lair:5:   layout_loops_ring
Lair:6:   evil_forest, layout_misc_corridors, minmay_slime_entry_jelly_boxes,
          minmay_hedge_maze, lemuel_fruit_fields
Abyss:2:  base: D:8, hangedman_abyss_or_decor_lesser_grid,
          hangedman_abyss_shoalhut

Skill      XL: |  1  2  3  4  5  6  7  8  9 10 11 12 13 14 |
---------------+-------------------------------------------+-----
Shields        | 3 4 5 6 7 8 9 11 | 11.1
Unarmed Combat | 3 5 6 8 10 11 13 14 16 17 | 17.2
Dodging        | 3 4 5 6 7 8 9 |  9.8
Stealth        | 1 2 3 4 |  4.5
Fighting       | 3 4 5 |  5.2
Invocations    | 2 3 |  3.7
Throwing       | 1 2 |  2.7
Spellcasting   | |  0.9
Hexes          | |  0.9

Action                   |  1- 3 |  4- 6 |  7- 9 | 10-12 | 13-15 || total
-------------------------+-------+-------+-------+-------+-------++-------
Melee: Unarmed           |   106 |   181 |   362 |   667 |   895 ||  2211
Throw: Throwing net      |       |     1 |     1 |     1 |     1 ||     4
       Boomerang         |       |       |     2 |       |     1 ||     3
       Large rock        |       |       |       |    15 |    15 ||    30
 Cast: Confusing Touch   |       |       |       |     5 |     4 ||     9
Invok: Heroism           |       |       |       |    31 |    49 ||    80
       Finesse           |       |       |       |     1 |       ||     1
  Use: Scroll            |       |     4 |    10 |    13 |     7 ||    34
       Potion            |       |       |       |       |     6 ||     6
 Stab: Sleeping          |       |     2 |     4 |     5 |    10 ||    21
       Confused          |       |       |       |     6 |     3 ||     9
       Distracted        |       |       |       |     1 |       ||     1
  Eat: Chunk             |    16 |    20 |    41 |    60 |    73 ||   210
Armor: Robe              |    31 |    28 |    77 |    34 |       ||   170
       Steam dragon scal |       |       |       |    93 |   227 ||   320
Dodge: Dodged            |    35 |    37 |   116 |   207 |   562 ||   957
       Deflected         |       |       |       |       |     2 ||     2
Block: Shield            |    44 |    66 |   152 |   318 |   723 ||  1303
